 Dungeon Crawl Stone Soup version 0.31-a0-455-g1a7b003ef0 (webtiles) character file.

Game seed: 8422301604428176317

120 Pooter the Poker (level 5, -4/41 HPs)
             Began as a Merfolk Gladiator on Aug 4, 2023.
             Slain by a gnoll
             ... wielding a +0 halberd
              (7 damage)
             ... on level 3 of the Dungeon.
             The game lasted 00:07:08 (1761 turns).

Pooter the Poker (Merfolk Gladiator)                Turns: 1761, Time: 00:07:09

Health: -4/41      AC:  9    Str: 17    XL:     5   Next: 4%
Magic:  5/5        EV: 13    Int:  7    God:
Gold:   154        SH:  0    Dex: 15    Spells: 4/4 levels left

rFire   . . .        g - +0 war axe
rCold   . . .        (no shield)
rNeg    . . .        b - +0 leather armour
rPois   .            c - +0 helmet
rElec   .            (no cloak)
rCorr   .            (no gloves)
SInv    .            l - +0 pair of boots
Will    .....        (no amulet)
Stlth   +            n - +4 ring of protection
HPRegen 0.26/turn    (no ring)
MPRegen 0.09/turn

%: no passive effects
@: mighty
A: (nimble swimmer 2), mertail
a: no special abilities


You were on level 3 of the Dungeon.
You visited 1 branch of the dungeon, and saw 3 of its levels.

You collected 154 gold pieces.

Inventory:

Hand Weapons
 a - a +0 trident
 g - a +0 war axe (weapon)
   (You found it on level 1 of the Dungeon)
Missiles
 d - 3 throwing nets (quivered) {!f}
 e - a javelin
 k - 10 poisoned darts
 Q - 11 stones
Armour
 b - a +0 leather armour (worn)
 c - a +0 helmet (worn)
 l - a +0 pair of boots (worn)
   (You found it on level 2 of the Dungeon)
Jewellery
 n - a +4 ring of protection (left hand)
   (You found it on level 2 of the Dungeon)
Scrolls
 m - a scroll of enchant armour
 q - a scroll of revelation {unknown}
Potions
 f - a potion of attraction {!q}
 h - 2 potions of brilliance
 i - a potion of mutation {unknown}
 j - a potion of degeneration {unknown}
 p - a potion of curing {unknown}
 r - a potion of heal wounds {unknown}


   Skills:
 + Level 3.2 Fighting
 * Level 5.9 Polearms
 - Level 2.0 Throwing
 + Level 5.0 Dodging


You had 4 spell levels left.
You didn't know any spells.
Your spell library was empty.

Dungeon Overview and Level Annotations

Branches:
Dungeon (3/15) Zot: 16224

Altars:

Shops:
D:2 (


Innate Abilities, Weirdness & Mutations

((You are very nimble when in or above water. (Stealth+, EV+, Speed+++)))
Your lower body shifts to a powerful aquatic tail in water.


Message History

You barely miss the hobgoblin. The hobgoblin barely misses you.
The gnoll hits you but does no damage.
You completely miss the gnoll. You slash the hobgoblin!
You kill the hobgoblin!
The gnoll hits you from afar with a +0 spear.
The gnoll hits you but does no damage. The gnoll misses you.
The gnoll barely misses you. The gnoll closely misses you. x2
You slash the gnoll! The gnoll hits you but does no damage.
The gnoll misses you. x2
You slash the gnoll!
You kill the gnoll!
The gnoll closely misses you. The gnoll hits you but does no damage.
Your Dodging skill increases to level 5!
The gnoll misses you. The gnoll hits you with a +0 spear.
Items here: ))) †††.
You closely miss the gnoll. You barely miss the gnoll.
The gnoll closely misses you. The gnoll barely misses you.
The gnoll hits you with a +0 spear.
* * * LOW HITPOINT WARNING * * *
The gnoll closely misses you.
You closely miss the gnoll. x2; The gnoll barely misses you.
The gnoll hits you with a +0 spear.
* * * LOW HITPOINT WARNING * * *
You barely miss the gnoll. x2; The gnoll misses you.
The gnoll closely misses you. The gnoll hits you with a +0 halberd!
* * * LOW HITPOINT WARNING * * *
The gnoll misses you.
You hit the gnoll but do no damage. You completely miss the gnoll.
The gnoll barely misses you. The gnoll completely misses you.
Unknown command.
You hit the gnoll but do no damage. You hit the gnoll. The gnoll misses you.
The gnoll hits you but does no damage.
Unknown command.
You barely miss the gnoll. You closely miss the gnoll.
The gnoll completely misses you. x2; The gnoll hits you with a +0 spear.
* * * LOW HITPOINT WARNING * * *
The gnoll completely misses you.
You slash the gnoll! You hit the gnoll. The gnoll barely misses you.
The gnoll closely misses you.
Unknown command.
You closely miss the gnoll. You slash the gnoll!
You kill the gnoll!
The gnoll barely misses you. The gnoll hits you with a +0 halberd.
* * * LOW HITPOINT WARNING * * *
You have reached level 5!
You feel stronger.
You barely miss the gnoll. The gnoll hits you but does no damage.
Unknown command.
You closely miss the gnoll. The gnoll hits you with a +0 halberd!
You die...

###################.#
#........# #.#####..#
#..# # #..# # ###..#
# #.†..# ## #.#....#
.. #@#.#.## #
#....g)....# ##
##.......#.# ..
#.....>....# .#
##.......#.# .#
#..........#
##.......#.# ..#
..........# ..#


You could see a gnoll.

Vanquished Creatures
  3 gnolls (D:3)
  4 adders
  A worm (D:3)
  A dart slug (D:2)
  3 orcs (D:3)
  2 bats (D:3)
  4 endoplasms
  5 giant cockroaches
  5 goblins
  5 hobgoblins
  3 ball pythons
  4 frilled lizards
  3 kobolds
  4 rats
47 creatures vanquished.

Notes
Turn   | Place    | Note
-------+----------+-------------------------------------------
     0 | D:1      | Pooter the Merfolk Gladiator began the quest for the Orb.
     0 | D:1      | Reached XP level 1. HP: 16/16 MP: 1/1
   190 | D:1      | Reached XP level 2. HP: 18/23 MP: 2/2
   671 | D:2      | Reached XP level 3. HP: 20/28 MP: 3/3
  1026 | D:2      | Found Beoret's Weapon Shop.
  1087 | D:2      | Reached skill level 5 in Polearms
  1490 | D:3      | Reached XP level 4. HP: 31/34 MP: 4/4
  1751 | D:3      | Reached skill level 5 in Dodging
  1760 | D:3      | Reached XP level 5. HP: 2/41 MP: 5/5
  1761 | D:3      | Slain by a gnoll

Illustrated notes

Levels and vault maps discovered:
D:1:      ncdulo_watergridlock, layout_basic
D:2:      layout_basic, serial_shops, nicolae_shop_bloodbath_and_beyond
D:3:      minmay_recursive_quarters, layout_basic, serial_shops, shop,
          st_stairs_4

Skill      XL: |  1  2  3  4 |
---------------+-------------+-----
Polearms       | 5 |  5.9
Fighting       | 3 |  3.2
Dodging        | 5 |  5.0
Throwing       | |  2.0

Action                     |  1- 3 |  4- 6 || total
---------------------------+-------+-------++-------
  Melee: Trident           |   106 |    44 ||   150
         Punch             |     1 |     1 ||     2
         War axe           |       |    19 ||    19
    Use: Scroll            |     4 |       ||     4
         Potion            |       |     1 ||     1
   Stab: Sleeping          |     3 |     1 ||     4
 Armour: Leather armour    |    30 |    24 ||    54
  Dodge: Dodged            |    60 |    68 ||   128

Table legend: (Time is in decaauts)
 A = Elapsed time spent in this place.
 B = Non-inter-level travel time spent in this place.
 C = Inter-level travel time spent in this place.
 D = Time resting spent in this place.
 E = Time spent auto-exploring this place.
 F = Levels seen in this place.
 G = Mean time per level.
                   A        B        C        D        E       F      G
               +--------+--------+--------+--------+--------+-----+--------+
         Total |   1773 |   1742 |     31 |      0 |   1365 |   3 |  591.0 |
       Dungeon |   1773 |   1742 |     31 |      0 |   1365 |   3 |  591.0 |
               +--------+--------+--------+--------+--------+-----+--------+

Top non-repeatable levels by time:
     D:2: 842 daAuts
     D:1: 623 daAuts
     D:3: 307 daAuts
